 Dungeon Sprint DCSS version 0.31-a0-986-g5e6e4ef867 (webtiles) character file.

Game seed: 17066290804269740427

10380 rocky1 the Brawler (level 11, -5/148 HPs)
             Began as a Black Draconian Shapeshifter on Nov 8, 2023.
             Was an Initiate of Gozag.
             Slain by Kirke (10 damage)
             ... in the Dungeon (Sprint VII: "The Pits").
             The game lasted 00:09:47 (2741 turns).

rocky1 the Brawler (Black Draconian Shapeshifter)   Turns: 2741, Time: 00:09:47

Health: -5/148     AC:  0    Str: 19    XL:     11   Next: 35%
Magic:  11/11      EV: 19    Int: 12    God:    Gozag
Gold:   541        SH:  0    Dex: 11    Spells: 10/10 levels left

rFire   . .          .
                       - Unarmed
rCold   + . .        (shield currently unavailable)
rNeg    . . .        (body armour unavailable)
rPois   .            (helmet currently unavailable)
rElec   .            (cloak currently unavailable)
rCorr   .            (gloves currently unavailable)
SInv    .            (boots currently unavailable)
Will    .....        D - amulet of the Blind Eye {Acrobat rC+} Stlth
                     t - melded ring "Zimoenae" {rC+ EV+5 Dex+2 SInv}
HPRegen 0.44/turn    y - melded ring of protection from fire
MPRegen 0.12/turn

%: no teleportation, acrobat
@: berserking, short of breath, pig-form, slowed, very quick
A: fast, no casting, (breathe lightning), AC +7, small, unfitting armour,
(electricity resistance), (cold-blooded)
a: Renounce Religion, Potion Petition, Call Merchant, Bribe Branch


You were in the Dungeon.
You worshipped Gozag.
Gozag was pleased with you.
You were a filthy swine.
You visited 1 branch You collected 4888 gold pieces.
You spent 2168 gold pieces at shops.
You paid 2179 gold pieces to Gozag.

Inventory:

Missiles
 n - 2 curare-tipped darts (quivered)
 o - 4 throwing nets
Armour
 q - a +0 pair of boots
 r - a +0 pair of gloves
Jewellery
 p - a +3 ring of evasion
 t - the ring "Zimoenae" (melded) {rC+ EV+5 Dex+2 SInv}
   (You bought it in a shop in the Dungeon)

   [ring of evasion]

   EV+5:      It affects your evasion (+5).
   Dex+2:     It affects your dexterity (+2).
   rC+:       It protects you from cold.
   SInv:      It lets you see invisible.
 w - a ring of willpower
 y - a ring of protection from fire (melded)
 D - the amulet of the Blind Eye (around neck) {Acrobat rC+}
   (You bought it in a shop in the Dungeon)

   [amulet of the acrobat]

   Acrobat:   It increases your evasion while moving and waiting.
   rC+:       It protects you from cold.
Talismans
 b - a beast talisman
 c - a flux talisman
 s - a dragon-blood talisman (active)
Scrolls
 i - 2 scrolls of blinking
 k - 2 scrolls of vulnerability
 l - 6 scrolls of amnesia
 m - a scroll of butterflies
 v - 4 scrolls of fog
 x - a scroll of silence
 z - a scroll of identify
 A - 2 scrolls of fear
 C - 2 scrolls of enchant armour
Potions
 a - a potion of lignification
 d - 7 potions of curing
 e - 9 potions of heal wounds
 f - 3 potions of haste
 g - 4 potions of magic
 h - a potion of berserk rage
 j - 2 potions of invisibility
 u - 2 potions of might
 B - 2 potions of brilliance


   Skills:
 + Level 10.0 Fighting
 - Level 0.1 Throwing
 + Level 11.4 Dodging
 - Level 4.5 Stealth
 + Level 18.3 Unarmed Combat
 * Level 14.2 Shapeshifting


You had 10 spell levels left.
You didn't know any spells.
Your spell library was empty.

Dungeon Overview and Level Annotations

Branches:
Dungeon (1/1)

Altars:
Ashenzari
Cheibriados
Dithmenos
Elyvilon
Fedhas
Gozag
Hepliaklqana
Kikubaaqudgha
Makhleb
Nemelex Xobeh
Okawaru
Qazlal
Ru
Sif Muna
Trog
Uskayaw
Vehumet
Wu Jian
Xom
Yredelemnul
Zin
The Shining One
Jiyva
Lugonu

Shops:
D ==

Annotations:
D Kirke


Innate Abilities, Weirdness & Mutations

You are a filthy swine.
You move quickly.
Your equipment is almost entirely melded.
You are incapable of wielding weapons or throwing items.
You cannot cast spells.
((You can breathe wild blasts of lightning.))
((Your glossy black scales are hard. (AC +7)))
You cannot fit into any form of body armour.
((You are resistant to electric shocks. (rElec)))
((You are cold-blooded and may be slowed by cold attacks.))


Message History

The hog is no longer distracted by gold.
Something closely misses you. Something hits you!
You closely miss something.
You feel much better. Something hits you. x2
A red film seems to cover your vision as you go berserk!
You feel yourself moving faster!
You feel mighty!
The hog is no longer distracted by gold.
Something hits you!! Something drains your vigour!
You feel yourself slow down. Something hits you.
You completely miss something. Something hits you!!
Something drains your vigour!
You feel as though you will be slow longer.
You hear some strange, mumbled words.
You feel as though you will be slow longer.
You hit something but do no damage. Something hits you.
Something drains your vigour!
You feel as though you will be slow longer.
You hear some strange, mumbled words.
You feel a momentary urge to oink.
You miss something.
You hear some strange, mumbled words.
You feel as though you will be slow longer.
Something hits you!!
* * * LOW HITPOINT WARNING * * *
You bite something!
You hear some strange, mumbled words.
You feel a momentary urge to oink. Something hits you!
* * * LOW HITPOINT WARNING * * *
You closely miss something. You closely miss something.
Something barely misses you. Something hits you.
* * * LOW HITPOINT WARNING * * *
You closely miss something. Something hits you.
* * * LOW HITPOINT WARNING * * *
You hear some strange, mumbled words.
Something tries to affect you, but you resist.
You miss something. Something hits you!
* * * LOW HITPOINT WARNING * * *
Something hits you!
You die...
Your body crumbles into a pile of gold.

#..# #..# #..# ###### #..#
.##..# #.h# .##..# #hy#
.''..# #{{#
.''..##########.h#
.##....).........#
.##..............#
##################
############ ############
..+...##...### #..........#
..#..##......###....#####'#
.##..#........##.####.....##
##...).........###.........#


You could see 2 hogs and a hornet.

Vanquished Creatures
  Harold (D)
  A rakshasa (D)
  Erolcha (D)
  A boulder beetle (D)
  A sea snake (D)
  A deep troll (D)
  An elephant (D)
  3 orange demons (D)
  A gargoyle (D)
  A black mamba (D)
  An unseen horror (D)
  A komodo dragon (D)
  A rime drake (D)
  An ice devil (D)
  A wandering mushroom (D)
  A polar bear (D)
  A merfolk (D)
  A hornet (D)
  A glass eye (D)
  A tarantella (D)
  3 blink frogs (D)
  A jumping spider (D)
  A wyvern (D)
  3 hogs (D)
  A shadow (D)
  3 vampire mosquitoes (D)
  A redback (D)
  Edmund (D)
  An orc warrior (D)
  An ice beast (D)
  A centaur (D)
  A phantom (D)
  2 kobold brigands (D)
  A bullfrog (D)
  A necrophage (D)
  A crimson imp (D)
  A jelly (D)
  An orc priest (D)
  2 iron imps (D)
  5 orc wizards (D)
  A mummy (D)
  An adder (D)
  A gnoll (D)
  2 ufetubi (D)
  An adder skeleton (D)
  2 worms (D)
  5 orcs (D)
  A ball python (D)
  An endoplasm (D)
  A giant cockroach (D)
  A hobgoblin (D)
  A kobold (D)
  3 frilled lizards (D)
  2 rats (D)
77 creatures vanquished.

Notes
Turn   | Place    | Note
-------+----------+-------------------------------------------
     0 | D        | rocky1 the Draconian Shapeshifter began the quest for the
                  | Orb.
     0 | D        | Reached XP level 1. HP: 16/16 MP: 1/1
    24 | D        | Reached XP level 2. HP: 23/23 MP: 2/2
    27 | D        | Found a bloodstained altar of Trog.
    27 | D        | Found a shimmering blue altar of Sif Muna.
    27 | D        | Found a viscous altar of Jiyva.
    27 | D        | Found a hazy altar of Hepliaklqana.
    27 | D        | Found an opulent altar of Gozag.
    28 | D        | Found a glowing golden altar of the Shining One.
    28 | D        | Found a glowing silver altar of Zin.
    28 | D        | Found a basalt altar of Yredelemnul.
    28 | D        | Found a shimmering altar of Xom.
    28 | D        | Found an ornate altar of the Wu Jian Council.
    28 | D        | Found a sacrificial altar of Ru.
    28 | D        | Found a stormy altar of Qazlal.
    28 | D        | Found an iron altar of Okawaru.
    28 | D        | Found a sparkling altar of Nemelex Xobeh.
    28 | D        | Found a burning altar of Makhleb.
    28 | D        | Found a blossoming altar of Fedhas.
    28 | D        | Found a white marble altar of Elyvilon.
    28 | D        | Found a shadowy altar of Dithmenos.
    28 | D        | Found a snail-covered altar of Cheibriados.
    32 | D        | Found a corrupted altar of Lugonu.
    32 | D        | Found a radiant altar of Vehumet.
    33 | D        | Found a broken altar of Ashenzari.
    33 | D        | Found an ancient bone altar of Kikubaaqudgha.
    33 | D        | Found a hide-covered altar of Uskayaw.
    35 | D        | Became a worshipper of Gozag Ym Sagoz the Greedy
    68 | D        | Reached skill level 4 in Unarmed Combat
    90 | D        | Noticed a necrophage
   106 | D        | Killed a necrophage
   107 | D        | Reached skill level 6 in Unarmed Combat
   107 | D        | Reached skill level 5 in Shapeshifting
   107 | D        | Reached XP level 3. HP: 24/28 MP: 3/3
   107 | D        | Reached XP level 4. HP: 30/35 MP: 4/4
   275 | D        | Noticed a kobold brigand
   287 | D        | Killed a kobold brigand
   288 | D        | Reached skill level 7 in Unarmed Combat
   288 | D        | Reached XP level 5. HP: 22/41 MP: 5/5
   380 | D        | Noticed Edmund
   394 | D        | Reached skill level 8 in Unarmed Combat
   405 | D        | Killed Edmund
   406 | D        | Reached skill level 1 in Stealth
   406 | D        | Reached skill level 9 in Unarmed Combat
   406 | D        | Reached XP level 6. HP: 17/50 MP: 6/6
   538 | D        | Reached skill level 5 in Dodging
   641 | D        | Noticed an ice beast
   651 | D        | Reached skill level 10 in Unarmed Combat
   662 | D        | Killed an ice beast
   663 | D        | Reached skill level 11 in Unarmed Combat
   663 | D        | Your scales start taking on a glossy black colour.
   663 | D        | Reached XP level 7. HP: 28/57 MP: 7/7
   663 | D        | Gained mutation: You are resistant to electric shocks.
                  | (rElec) [Black Draconian growth]
   893 | D        | Noticed a gargoyle
   893 | D        | Noticed an elephant
   905 | D        | Killed a gargoyle
   906 | D        | Reached skill level 12 in Unarmed Combat
  1146 | D        | Killed an elephant
  1147 | D        | Reached skill level 13 in Unarmed Combat
  1147 | D        | Reached XP level 8. HP: 36/66 MP: 8/8
  1328 | D        | Bought a dragon-blood talisman for 720 gold pieces
  1336 | D        | Noticed a boulder beetle
  1378 | D        | Killed a boulder beetle
  1379 | D        | Reached skill level 14 in Unarmed Combat
  1379 | D        | Reached XP level 9. HP: 32/72 MP: 9/9
  1386 | D        | Reached skill level 10 in Shapeshifting
  1666 | D        | Bought the ring "Zimoenae" {rC+ EV+5 Dex+2 SInv} for 700
                  | gold pieces
  1684 | D        | Noticed a deep troll
  1696 | D        | Killed a deep troll
  1697 | D        | Reached skill level 5 in Fighting
  1697 | D        | Reached skill level 15 in Unarmed Combat
  2003 | D        | Noticed an orange demon
  2009 | D        | Killed an orange demon
  2010 | D        | Noticed Harold
  2038 | D        | Killed Harold
  2039 | D        | Reached skill level 16 in Unarmed Combat
  2109 | D        | Noticed a rime drake
  2120 | D        | Killed a rime drake
  2121 | D        | Reached XP level 10. HP: 71/83 MP: 10/10
  2197 | D        | Reached skill level 17 in Unarmed Combat
  2340 | D        | Noticed an orange demon
  2349 | D        | Noticed a rakshasa
  2357 | D        | Killed an orange demon
  2358 | D        | Reached skill level 10 in Dodging
  2367 | D        | Killed a rakshasa
  2449 | D        | Noticed an orange demon
  2454 | D        | Killed an orange demon
  2464 | D        | Noticed a black mamba
  2465 | D        | Noticed a sea snake
  2474 | D        | Killed a sea snake
  2475 | D        | Reached XP level 11. HP: 95/95 MP: 11/11
  2483 | D        | Reached skill level 18 in Unarmed Combat
  2680 | D        | Bought the amulet of the Blind Eye {Acrobat rC+} for 748
                  | gold pieces
  2689 | D        | Noticed Erolcha
  2696 | D        | Killed Erolcha
  2717 | D        | Noticed Kirke
  2717 | D        | Noticed a shadow wraith
  2723 | D        | Reached skill level 10 in Fighting
  2741 | D        | HP: 5/148 [something (15)]
  2741 | D        | Slain by Kirke

Illustrated notes

Levels and vault maps discovered:
D:        pitsprint [storerooms_1, entrance_room_1, metal_vault_7, armoury_1,
          mini_pit_1, grid_room_1, main_hall_1, silver_pit, the_coven_3,
          the_vestibule_1, steel_vault_2, golden_pit, hallway_of_sentries,
          crystal_vault_1, iron_vault_4, final_vault]

Skill      XL: |  1  2  3  4  5  6  7  8  9 10 11 |
---------------+----------------------------------+-----
Dodging        | 2 3 4 5 7 8 9 10 11 | 11.4
Unarmed Combat | 6 7 9 11 13 14 16 17 18 | 18.3
Shapeshifting  | 5 6 7 8 9 11 13 14 | 14.2
Fighting       | 2 3 4 6 8 10 | 10.0
Stealth        | 1 2 3 4 |  4.5
Throwing       | |  0.1

Action                     |  1- 3 |  4- 6 |  7- 9 | 10-12 || total
---------------------------+-------+-------+-------+-------++-------
  Melee: Unarmed           |    28 |    59 |    60 |    88 ||   235
         Tailslap          |     4 |    11 |    15 |     6 ||    36
         Punch             |       |     5 |     7 |     5 ||    17
         Bite              |       |       |       |     7 ||     7
  Throw: Dart              |       |       |     3 |       ||     3
 Invoke: Call Merchant     |       |       |     1 |     1 ||     2
         Potion Petition   |       |       |       |     1 ||     1
Ability: Breathe Lightning |       |       |     1 |     5 ||     6
    Use: Potion            |       |     4 |     4 |     5 ||    13
   Stab: Sleeping          |     1 |       |       |     1 ||     2
 Armour: Skin              |    10 |    37 |    33 |    49 ||   129
  Dodge: Dodged            |    13 |    41 |    40 |    56 ||   150
   Form: Dragon            |       |       |       |     1 ||     1

Table legend: (Time is in decaauts)
 A = Elapsed time spent in this place.
 B = Non-inter-level travel time spent in this place.
 C = Inter-level travel time spent in this place.
 D = Time resting spent in this place.
 E = Time spent auto-exploring this place.
 F = Levels seen in this place.
 G = Mean time per level.
                   A        B        C        D        E       F      G
               +--------+--------+--------+--------+--------+-----+--------+
         Total |   2718 |   2631 |     87 |   1772 |      0 |   1 | 2718.0 |
       Dungeon |   2718 |   2631 |     87 |   1772 |      0 |   1 | 2718.0 |
               +--------+--------+--------+--------+--------+-----+--------+

Top non-repeatable levels by time:
       D: 2718 daAuts
